 Dungeon Crawl Stone Soup version 0.30.1-9-gdf580d7c3d (webtiles) character file.

Game seed: 15919175303680233031

123 Zonian the Magician (level 4, -1/24 HPs)
             Began as a Deep Elf Hedge Wizard on Oct 17, 2023.
             Slain by an orc
             ... wielding a +0 flail
              (8 damage)
             ... on level 4 of the Dungeon.
             The game lasted 00:07:28 (5304 turns).

Zonian the Magician (Deep Elf Hedge Wizard)         Turns: 5304, Time: 00:07:28

Health: -1/24      AC:  2    Str:  7    XL:     4   Next: 79%
Magic:  8/13       EV: 13    Int: 21    God:
Gold:   103        SH:  0    Dex: 14    Spells: 11/13 levels left

rFire   . . .        a - +0 dagger
rCold   . . .        (no shield)
rNeg    . . .        b - +0 robe
rPois   .            c - +0 hat
rElec   .            (no cloak)
rCorr   .            (no gloves)
SInv    .            (no boots)
Will    .....        i - amulet of the acrobat
Stlth   ++           (no ring)
HPRegen 0.24/turn    (no ring)
MPRegen 0.13/turn

%: acrobat
@: no status effects
A: no striking features
a: no special abilities


You were on level 4 of the Dungeon.
You visited 1 branch of the dungeon, and saw 4 of its levels.

You collected 181 gold pieces.
You spent 78 gold pieces at shops.

Inventory:

Hand Weapons
 a - a +0 dagger (weapon)
 j - a +0 dagger of venom
Missiles
 o - 3 boomerangs
Armour
 b - a +0 robe (worn)
 c - a +0 hat (worn)
 f - a +1 buckler
Jewellery
 i - an amulet of the acrobat (around neck)
 n - an amulet of faith
Scrolls
 m - a scroll of fog {unknown}
 p - a scroll of summoning
Potions
 d - a potion of magic
 e - a potion of haste {unknown}
 g - a potion of heal wounds
 h - a potion of lignification {unknown}
 k - 2 potions of curing
 l - 2 potions of might {unknown}


   Skills:
 + Level 3.5 Dodging
 + Level 3.7 Stealth
 - Level 5.2 Spellcasting
 + Level 2.5 Conjurations
 + Level 1.0 Hexes
 - Level 1.3 Summonings
 - Level 1.3 Translocations


You had 11 spell levels left.
You knew the following spells:

 Your Spells              Type           Power      Damage    Failure   Level
a - Magic Dart            Conj           64%        1d6       3%          1
b - Slow                  Hex            36%        N/A       7%          1

Your spell library contained the following spells:

 Spells                   Type           Power      Damage    Failure   Level
 Momentum Strike          Conj/Tloc      26%        3d8       7%          2
 Blink                    Tloc           22%        N/A       9%          2
 Call Imp                 Summ           22%        N/A       9%          2
 Sandblast                Erth           10%        2d5       11%         1
 Ensorcelled Hibernation  Hex/Ice        14%        N/A       13%         2
 Cigotuvi's Dreadful Rot  Necr/Pois/Air  10%        N/A       16%         2
 Passwall                 Tmut/Erth      4%         N/A       16%         2
 Dazzling Flash           Conj/Hex       24%        N/A       16%         3
 Stone Arrow              Conj/Erth      20%        3d8       19%         3
 Mephitic Cloud           Conj/Pois/Air  9%         N/A       22%         3


Dungeon Overview and Level Annotations

Branches:
Dungeon (4/15)
 Temple: D:4-7

Altars:

Shops:
D:2 !

Annotations:
D:3 2 transporters, laqueoix's ghost, amateur MiFi
D:4 Edmund


Message History

2 orcs come into view.
The orc priest shouts!
You hear a shout! x3; You hear a bark!
You aren't carrying any items that you can evoke.
Unknown command.
The magic dart hits the orc priest.
The orc priest is lightly wounded.
The magic dart hits the orc priest but does no damage.
The orc priest is lightly wounded.
The magic dart hits the orc priest but does no damage.
The orc priest is lightly wounded.
Unknown command.
The magic dart hits the orc priest but does no damage.
The orc priest is lightly wounded.
The orc priest calls down the wrath of Beogh upon you.
Pain shoots through your body!
Ouch! That really hurt!
You are too injured to fight recklessly!
You are too injured to fight recklessly!
You are too injured to fight recklessly!
Unknown command.
You are too injured to fight recklessly!
You are too injured to fight recklessly!
Unknown command.
Okay, then.
Casting: Magic Dart (safe; 3% risk of failure)
Confirm with . or Enter, or press ? or * to list all spells.
Aiming: Magic Dart (safe; 3% risk of failure)
Press: ? - help, Shift-Dir - straight line, f/p - orc priest
Aim: an orc priest, wielding a +0 club and wearing a +0 ring mail (lightly wounded, 100% to hit)
The magic dart hits the orc priest but does no damage.
The orc priest is lightly wounded.
Unknown command.
You hit the orc priest.
The orc priest is moderately wounded.
The orc priest hits you with a +0 club.
* * * LOW HITPOINT WARNING * * *
You barely miss the orc priest.
The orc priest is moderately wounded.
The orc priest closely misses you. The orc hits you with a +0 flail!
You die...

###≈≈†≈≈##.♣.
###P≈≈≈.≈≈≈P... #
#.............8
##.
#.#P≈≈≈.≈≈≈P...
.....#
#.###≈≈.≈≈##.♣.
.o....##.####≈.≈##
#..
...##.....###P.P#
##
.........o..##.##
.........o@....#
..............##
.............##
..............#
..........#......
....(!....#..##..
............## ...
............# ##
......>.......


You could see an orc priest and an orc.

Vanquished Creatures
  An iguana (D:4)
  3 adders
  A worm (D:2)
  3 dart slugs
  2 orcs (D:3)
  7 ball pythons
  5 endoplasms
  5 giant cockroaches
  2 goblins
  2 hobgoblins
  3 jackals (D:2)
  9 kobolds
  A quokka (D:3)
  7 bats
  3 frilled lizards
  6 rats
60 creatures vanquished.

Notes
Turn   | Place    | Note
-------+----------+-------------------------------------------
     0 | D:1      | Zonian the Deep Elf Hedge Wizard began the quest for the
                  | Orb.
     0 | D:1      | Reached XP level 1. HP: 10/10 MP: 7/7
   508 | D:1      | Reached XP level 2. HP: 15/15 MP: 2/9
   669 | D:1      | Got the Vellum of Energetic Jinxing
  1715 | D:2      | Reached XP level 3. HP: 19/19 MP: 7/11
  3565 | D:2      | Found Nappol's Distillery.
  3573 | D:2      | Bought a potion of curing for 39 gold pieces
  3573 | D:2      | Bought a potion of curing for 39 gold pieces
  3973 | D:3      | Found a transporter.
  3977 | D:3      | Noticed laqueoix's ghost (amateur MiFi)
  3978 | D:3      | Noticed a necrophage
  4065 | D:3      | Reached skill level 5 in Spellcasting
  4116 | D:3      | Reached XP level 4. HP: 24/24 MP: 8/13
  4592 | D:3      | Found a transporter.
  4907 | D:4      | Learned a level 1 spell: Slow
  5186 | D:4      | Noticed Edmund
  5289 | D:4      | Reached skill level 1 in Hexes
  5304 | D:4      | Slain by an orc

Illustrated notes

Levels and vault maps discovered:
D:1:      psy_arrival_conway, layout_basic, nicolae_wormholes
D:2:      layout_basic, serial_shops, shop, kennysheep_generic_room_9
D:3:      layout_basic, gammafunk_ghost_mausoleum
D:4:      layout_layer_cave, minmay_temple_entry_statues_pillars,
          dreamdust_princess_bridge, st_stairs_10, nicolae_specific_store,
          sigmund_edmund_badplayer

Skill      XL: |  1  2  3  4 |
---------------+-------------+-----
Stealth        | 3 |  3.7
Dodging        | 3 |  3.5
Conjurations   | 2 |  2.5
Spellcasting   | 5 |  5.2
Hexes          | 1 |  1.0
Summonings     | |  1.3
Translocations | |  1.3

Action                     |  1- 3 |  4- 6 || total
---------------------------+-------+-------++-------
  Melee: Dagger            |    12 |    20 ||    32
   Cast: Magic Dart        |   122 |    43 ||   165
    Use: Scroll            |       |     7 ||     7
   Stab: Sleeping          |       |     1 ||     1
 Armour: Robe              |     6 |     4 ||    10
  Dodge: Dodged            |    25 |    22 ||    47
